 Dungeon Crawl Stone Soup version 0.29-a0-901-g46a8461d6a (webtiles) character file.

Game seed: 582409470758572404

198 gruber the Shooter (level 5, -2/42 HPs)
             Began as a Minotaur Hunter on July 24, 2022.
             Killed by divine providence
             ... invoked by an orc priest
              (13 damage)
             ... on level 4 of the Dungeon.
             The game lasted 00:02:41 (2697 turns).

gruber the Shooter (Minotaur Hunter)                Turns: 2697, Time: 00:02:42

Health: -2/42      AC:  5    Str: 15    XL:     5   Next: 47%
Magic:  4/4        EV: 12    Int:  6    God:
Gold:   168        SH:  0    Dex: 16    Spells: 4/4 levels left

rFire   . . .      SeeInvis .   a - +0 shortbow
rCold   . . .      Faith    .   (shield currently unavailable)
rNeg    . . .      Spirit   .   c - +0 leather armour
rPois   .          Reflect  .   (helmet restricted)
rElec   .          Harm     .   o - +0 cloak
rCorr   .          Rampage  .   k - +0 pair of gloves
Will    .....                   (no boots)
Stlth   +.........              (no amulet)
HPRegen 0.14/turn               (no ring)
MPRegen 0.09/turn               (no ring)

@: no status effects
A: horns 2, retaliatory headbutt
a: no special abilities


You were on level 4 of the Dungeon.
You visited 1 branch of the dungeon, and saw 4 of its levels.

You collected 168 gold pieces.

Inventory:

Hand Weapons
 a - a +0 shortbow (weapon)
 s - a +1 dagger of electrocution
Missiles
 l - 4 curare-tipped darts
Armour
 c - a +0 leather armour (worn)
 k - a +0 pair of gloves (worn)
 o - a +0 cloak (worn)
Scrolls
 b - 3 scrolls of immolation
 d - 5 scrolls of identify {unknown}
 f - a scroll of noise {unknown}
 i - 3 scrolls of blinking {unknown}
 j - a scroll of fear {unknown}
 m - a scroll of teleportation {unknown}
 n - a scroll of summoning {unknown}
Potions
 e - 2 potions of curing {unknown}
 g - a potion of attraction {unknown}
 h - a potion of berserk rage {unknown}
 p - 2 potions of invisibility {unknown}
 q - 2 potions of lignification {unknown}
 r - a potion of brilliance {unknown}
 t - a potion of cancellation {unknown}
 u - a potion of magic {unknown}
 v - a potion of might {unknown}


   Skills:
 - Level 2.4 Fighting
 + Level 7.5 Ranged Weapons
 - Level 2.1 Dodging
 - Level 0.7 Stealth


You had 4 spell levels left.
You didn't know any spells.
Your spell library was empty.

Dungeon Overview and Level Annotations

Branches:
Dungeon (4/15)
 Temple: D:4-7

Altars:

Shops:
D:2 =   D:4 *


Innate Abilities, Weirdness & Mutations

You have a pair of horns on your head.
You reflexively headbutt those who attack you in melee.


Message History

Press: ? - help, Shift-Dir - straight line, f/p - orc wizard
Aim: an orc wizard, wielding a +0 dagger and wearing a +0 robe (lightly wounded, 58% to hit)
You shoot an arrow. The arrow closely misses the orc.
The arrow barely misses the orc wizard.
Fire: a) +0 shortbow
Press: ? - help, Shift-Dir - straight line, f/p - orc wizard
Aim: an orc wizard, wielding a +0 dagger and wearing a +0 robe (lightly wounded, 58% to hit)
You shoot an arrow.
The arrow hits the orc but does no damage.
The orc is heavily wounded.
An orc priest comes into view. It is wielding a +0 war axe.
Unknown command.
Fire: a) +0 shortbow
Press: ? - help, Shift-Dir - straight line, f/p - orc wizard
Aim: an orc wizard, wielding a +0 dagger and wearing a +0 robe (lightly wounded, 58% to hit)
You shoot an arrow. The arrow barely misses the orc.
The arrow hits the orc wizard.
The orc wizard is lightly wounded.
The orc hits you with a +0 dagger.
* * * LOW HITPOINT WARNING * * *
Unknown command.
Fire: a) +0 shortbow
Press: ? - help, Shift-Dir - straight line, f/p - orc wizard
Aim: an orc wizard, wielding a +0 dagger and wearing a +0 robe (lightly wounded, 58% to hit)
You shoot an arrow. The arrow barely misses the orc.
The arrow hits the orc wizard.
The orc wizard is heavily wounded.
The orc hits you but does no damage.
Fire: a) +0 shortbow
Press: ? - help, Shift-Dir - straight line, f/p - orc wizard
Aim: an orc wizard, wielding a +0 dagger and wearing a +0 robe (heavily wounded, 58% to hit)
You shoot an arrow. The arrow closely misses the orc.
The arrow closely misses the orc wizard.
The arrow hits the orc priest but does no damage.
The orc wizard mumbles some strange words.
The orc wizard flickers and vanishes!
Deactivating autopickup; reactivate with Ctrl-A.
The orc priest mumbles some strange prayers to Beogh against you.
Beogh smites you!
You die...

#....#
####.#######
#........
#.#######
#.# #.# #.#
#.# #@# #o#
#{# #.# #o#
... ...
.###. . .


You could see an orc priest and an orc.

Vanquished Creatures
  Jessica (D:3)
  2 iguanas (D:4)
  4 gnolls (D:4)
  2 adders (D:2)
  2 worms
  2 dart slugs
  An orc (D:3)
  2 endoplasms
  A giant cockroach (D:1)
  9 goblins
  7 hobgoblins
  6 jackals
  A quokka (D:4)
  4 ball pythons
  4 bats
  A frilled lizard (D:2)
  4 kobolds
  5 rats
58 creatures vanquished.

Notes
Turn   | Place    | Note
-------+----------+-------------------------------------------
     0 | D:1      | gruber the Minotaur Hunter began the quest for the Orb.
     0 | D:1      | Reached XP level 1. HP: 18/18 MP: 0/0
   285 | D:1      | Reached XP level 2. HP: 25/25 MP: 1/1
   397 | D:1      | Reached skill level 5 in Ranged Weapons
   465 | D:1      | You fall into a shaft and drop 1 floor!
   508 | D:2      | Found Firiatix's Jewellery Shop.
   846 | D:1      | Reached XP level 3. HP: 23/30 MP: 2/2
  1050 | D:2      | Found a faded altar of an unknown god.
  1193 | D:2      | Reached skill level 6 in Ranged Weapons
  1712 | D:3      | Noticed Jessica
  1714 | D:3      | Killed Jessica
  1715 | D:3      | Reached XP level 4. HP: 37/37 MP: 3/3
  2238 | D:4      | Reached skill level 7 in Ranged Weapons
  2238 | D:4      | Reached XP level 5. HP: 37/42 MP: 4/4
  2648 | D:4      | Found Migefoqa's Assorted Antiques.
  2697 | D:4      | Killed from afar by an orc priest

Illustrated notes

Levels and vault maps discovered:
D:1:      dpeg_arrival_pond, layout_basic
D:2:      layout_loops_ring, serial_shops, shop,
          nicolae_ecumenical_snake_handling, dk_vineyard_3
D:3:      layout_rooms, uniq_jessica
D:4:      layout_basic, serial_shops, kennysheep_mini_moat,
          nicolae_take_the_stairs, shop, gup_ossuary_entry_pyramid, fountainhead

Skill      XL: |  1  2  3  4 |
---------------+-------------+-----
Ranged Weapons | 5 6 7 |  7.5
Fighting       | |  2.4
Dodging        | |  2.1
Stealth        | |  0.7

Action                   |  1- 3 |  4- 6 || total
-------------------------+-------+-------++-------
Melee: Dagger            |       |    10 ||    10
       Headbutt          |       |     2 ||     2
 Fire: Shortbow          |    90 |    66 ||   156
Armor: Leather armour    |    21 |     3 ||    24
Dodge: Dodged            |    35 |    14 ||    49

Table legend: (Time is in decaauts)
 A = Elapsed time spent in this place.
 B = Non-inter-level travel time spent in this place.
 C = Inter-level travel time spent in this place.
 D = Time resting spent in this place.
 E = Time spent auto-exploring this place.
 F = Levels seen in this place.
 G = Mean time per level.
                   A        B        C        D        E       F      G
               +--------+--------+--------+--------+--------+-----+--------+
         Total |   2734 |   2515 |    219 |    341 |   1776 |   4 |  683.5 |
       Dungeon |   2734 |   2515 |    219 |    341 |   1776 |   4 |  683.5 |
               +--------+--------+--------+--------+--------+-----+--------+

Top non-repeatable levels by time:
     D:1: 977 daAuts
     D:3: 868 daAuts
     D:2: 760 daAuts
     D:4: 128 daAuts
